 Dungeon Crawl Stone Soup version 0.21-a0-135-g8dc100c (webtiles) character file.

3010 Leibowitz the Slicer (level 10, 0/54 HPs)
             Began as a Kobold Gladiator on July 18, 2017.
             Was an Elder of Okawaru.
             Slain by a wight
             ... wielding a +1 trident
              (3 damage)
             ... on level 7 of the Dungeon.
             The game lasted 00:23:11 (7704 turns).

Leibowitz the Slicer (Kobold Gladiator)             Turns: 7704, Time: 00:23:12

Health: 0/54       AC: 16    Str: 11    XL:     10   Next: 10%
Magic:  0/10       EV:  9    Int: 12    God:    Okawaru [****..]
Gold:   289        SH:  5    Dex: 21    Spells: 9/9 levels left

rFire    + . .     SeeInvis .   a - +3 rapier (drain)
rCold    . . .     Gourm    .   j - +0 buckler
rNeg     . . .     Faith    .   r - +3 chain mail {rF+}
rPois    .         Spirit   +   c - +0 helmet
rElec    .         Reflect  .   q - scarf {Spirit}
rCorr    .         Harm     .   (no gloves)
MR       .....                  (no boots)
Stlth    ..........             (no amulet)
HPRegen  0.18/turn              x - +3 ring of intelligence
MPRegen  0.12/turn              u - ring of flight

@: about to teleport, drained
A: iridescent scales 1, carnivore 3, frail 1, wild magic 1
a: Heroism, Renounce Religion, Evoke Flight


You were on level 7 of the Dungeon.
You worshipped Okawaru.
Okawaru was greatly pleased with you.
You were very full.

You visited 2 branches of the dungeon, and saw 8 of its levels.

You collected 432 gold pieces.
You spent 143 gold pieces at shops.

Inventory:

Hand Weapons
 a - a +3 rapier of draining (weapon)
 d - a +0 dagger of electrocution
Missiles
 l - 3 poisoned tomahawks (quivered)
 p - 14 poisoned needles
Armour
 c - a +0 helmet (worn)
 j - a +0 buckler (worn)
 q - a scarf of spirit shield (worn)
 r - a +3 chain mail of fire resistance (worn)
Jewellery
 u - a ring of flight (right hand)
 x - a +3 ring of intelligence (left hand)
Wands
 b - a wand of polymorph (0/24)
Scrolls
 e - 2 scrolls of enchant weapon
 n - a scroll of enchant armour
 t - 3 scrolls of identify
 w - 7 scrolls of remove curse
Potions
 h - a potion of brilliance
 k - a potion of might
 s - a potion of agility
Comestibles
 f - 4 meat rations
 g - 5 chunks of flesh
 o - 2 royal jellies


   Skills:
 * Level 6.3(6.0) Fighting
 + Level 10.6(10.3) Short Blades
 - Level 2.1(1.9) Throwing
 * Level 5.8(5.5) Armour
 * Level 6.5(6.2) Dodging
 * Level 6.1(5.8) Stealth


You had 9 spell levels left.
You didn't know any spells.

Dungeon Overview and Level Annotations

Branches:
Dungeon (7/15)             Temple (1/1) D:4

Altars:
Ashenzari
Cheibriados
Dithmenos
Elyvilon
Fedhas
Gozag
Hepliaklqana
Kikubaaqudgha
Makhleb
Nemelex Xobeh
Okawaru
Qazlal
Ru
Sif Muna
Trog
Uskayaw
Vehumet
Wu Jian
Xom
Zin
The Shining One

Shops:
D:5 *(


Innate Abilities, Weirdness & Mutations

You are small and have problems with some larger weapons.
You are carnivorous and can eat meat at any time.
You are partially covered in iridescent scales. (AC +2)
You are frail. (-10% HP)
Your spells are a little harder to cast, but a little more powerful.


Message History

You block the wight's attack.
The orc priest invokes the aid of Beogh against you.
Beogh smites you!
* * * LOW HITPOINT WARNING * * *
You feel better.
The orc priest calls down the wrath of Beogh upon you.
Beogh smites you!
* * * LOW HITPOINT WARNING * * *
The wight hits you but does no damage.
As you read the scroll of teleportation, it crumbles to dust.
You feel strangely unstable.
The phantom blinks!
The wight hits you with an enchanted trident.
* * * LOW HITPOINT WARNING * * *
You feel drained.
* * * LOW HITPOINT WARNING * * *
The orc priest begins to cast a cantrip, but forgets the words!
The howler monkey zombie hits you.
* * * LOW HITPOINT WARNING * * *
The wight hits you from afar with an enchanted trident.
You die...

#####....##........
#....###....###
#....# ######
#....# ####.#
.#########.#######
.......†..).......
.#########.######.
#..@Z.....#
#z######### #o# #o#
#W# #.# #.# #.#
#..# #.# #..


You could see a wight and a howler monkey zombie.

Vanquished Creatures
  Grinder (D:6)
  Sigmund (D:5)
  Edmund (D:6)
  4 orc warriors
  4 ice beasts
  3 sky beasts
  2 phantoms
  A centaur (D:7)
  A scorpion (D:6)
  2 howler monkeys (D:4)
  9 wights
  2 crimson imps (D:7)
  A bullfrog zombie (D:6)
  2 hounds (D:6)
  3 orc priests
  5 orc wizards
  Jessica (D:3)
  Ijyb (D:3)
  2 worker ants
  Terence (D:3)
  A hound skeleton (D:4)
  3 gnolls (D:7)
  5 adders
  2 shadow imps (D:6)
  3 oozes (D:2)
  An adder skeleton (D:5)
  2 worms (D:2)
  2 dart slugs (D:1)
  2 leopard geckos
  30 orcs
  8 bats
  6 giant cockroaches
  12 goblins
  8 hobgoblins
  8 jackals
  6 quokkas
  3 ball pythons
  4 frilled lizards
  A jackal zombie (D:7)
  5 kobolds
  2 quokka skeletons
  A quokka zombie (D:5)
  9 rats
171 creatures vanquished.

Notes
Turn   | Place    | Note
-------+----------+-------------------------------------------
     0 | D:1      | Leibowitz the Kobold Gladiator began the quest for the Orb.
     0 | D:1      | Reached XP level 1. HP: 12/12 MP: 1/1
    89 | D:1      | Reached XP level 2. HP: 13/17 MP: 2/2
   317 | D:1      | Reached XP level 3. HP: 4/21 MP: 3/3
   640 | D:1      | Reached skill level 1 in Stealth
   978 | D:2      | Reached XP level 4. HP: 27/27 MP: 4/4
  1213 | D:2      | Reached skill level 5 in Short Blades
  1549 | D:2      | Reached XP level 5. HP: 29/31 MP: 5/5
  1609 | D:3      | Noticed Terence
  1610 | D:3      | Found an ancient bone altar of Kikubaaqudgha.
  1633 | D:3      | Killed Terence
  1863 | D:3      | Found a faded altar of an unknown god.
  2102 | D:3      | Noticed Ijyb
  2146 | D:3      | Killed Ijyb
  2146 | D:3      | Reached skill level 6 in Short Blades
  2237 | D:3      | Noticed Jessica
  2258 | D:3      | Killed Jessica
  2258 | D:3      | Reached XP level 6. HP: 33/37 MP: 6/6
  2288 | D:3      | Reached skill level 1 in Armour
  3049 | D:4      | Found a staircase to the Ecumenical Temple.
  3062 | D:4      | Noticed a phantom
  3178 | D:4      | Killed a phantom
  3178 | D:4      | Reached skill level 7 in Short Blades
  3178 | D:4      | Reached XP level 7. HP: 26/41 MP: 7/7
  3191 | Temple   | Entered the Ecumenical Temple
  3301 | Temple   | Became a worshipper of Warmaster Okawaru
  3510 | D:5      | Entered Level 5 of the Dungeon
  3635 | D:5      | Reached skill level 5 in Dodging
  3684 | D:5      | Found Esuubluo's Antique Weapon Emporium.
  3684 | D:5      | Noticed Sigmund
  3706 | D:5      | Found Ynguret's Assorted Antiques.
  3814 | D:5      | Reached * piety under Okawaru
  3814 | D:5      | Reached skill level 8 in Short Blades
  3914 | D:5      | Reached XP level 8. HP: 36/48 MP: 8/8
  3984 | D:5      | Killed Sigmund
  4204 | D:5      | Bought a scroll labeled ZAMUIL WOI for 31 gold pieces
  4204 | D:5      | Bought a glowing blue potion for 27 gold pieces
  4204 | D:5      | Bought a grey potion for 27 gold pieces
  4204 | D:5      | Bought a fizzy ruby potion for 27 gold pieces
  4204 | D:5      | Bought a scroll labeled EMIAKI USHRYX for 31 gold pieces
  4204 | D:5      | Gained mutation: You are partially covered in iridescent scales. (AC +2) [potion of mutation]
  4204 | D:5      | Gained mutation: You are frail. (-10% HP) [potion of mutation]
  4204 | D:5      | Gained mutation: Your spells are a little harder to cast, but a little more powerful. [potion of mutation]
  4704 | D:5      | Reached skill level 9 in Short Blades
  5071 | D:6      | Noticed Grinder
  5364 | D:6      | Reached ** piety under Okawaru
  5858 | D:6      | Reached skill level 5 in Fighting
  5864 | D:6      | Reached XP level 9. HP: 36/48 MP: 9/9
  6493 | D:6      | Reached skill level 5 in Stealth
  6572 | D:6      | Killed Grinder
  6572 | D:6      | Reached *** piety under Okawaru
  6572 | D:6      | Reached skill level 10 in Short Blades
  6751 | D:6      | Noticed Edmund
  6772 | D:6      | Killed Edmund
  6862 | D:6      | Found a hazy altar of Hepliaklqana.
  6864 | D:6      | Found an ornate altar of the Wu Jian Council.
  7074 | D:7      | Reached skill level 5 in Armour
  7459 | D:7      | Found a sacrificial altar of Ru.
  7525 | D:7      | Reached **** piety under Okawaru
  7525 | D:7      | Reached XP level 10. HP: 48/54 MP: 8/10
  7704 | D:7      | Slain by a wight

Vault maps used:
D:1:      dpeg_arrival_erosion, hangedman_decor_slide_cut,
          grunt_decor_one_mirror, hangedman_decor_lopped
D:2:      first_bread
D:3:      lemuel_crystal_altar, chequers_ecumenical_altar_simple, uniq_jessica,
          uniq_ijyb, uniq_terence
D:4:      temple_pool_b
D:5:      serial_shops, shop, nicolae_shop_overgrown_old_shop,
          kennysheep_small_spiral, guppyfry_early_orc_mine, uniq_sigmund
D:6:      gammafunk_temple_overflow_pools, grunt_decor_arrowhead, uniq_edmund,
          uniq_grinder
D:7:      cheibrodos_two_vegetables, nicolae_ru_awakened_eye
Temple:   minmay_crystal_spiral_temple

Skill      XL: |  1  2  3  4  5  6  7  8  9 10 |
---------------+-------------------------------+-----
Dodging        | 4 5 6 |  6.5
Stealth        | 1 2 3 4 5 6 |  6.1
Short Blades   | 5 6 7 8 9 10 | 10.6
Fighting       | 3 4 5 6 |  6.3
Armour         | 1 2 3 5 |  5.8
Throwing       | |  2.1

Action                   |  1- 3 |  4- 6 |  7- 9 | 10-12 || total
-------------------------+-------+-------+-------+-------++-------
Melee: Rapier            |   101 |   276 |   308 |    47 ||   732
       Unarmed           |       |    14 |       |       ||    14
       Dagger            |       |       |    81 |       ||    81
Throw: Throwing net      |       |     3 |     7 |     2 ||    12
  Use: Potion            |       |       |    11 |     1 ||    12
       Scroll            |       |       |    10 |     1 ||    11
 Stab: Sleeping          |     2 |     1 |       |       ||     3
       Held in net/web   |       |     1 |     7 |       ||     8
  Eat: Chunk             |     7 |     8 |    15 |       ||    30
Armor: Leather armour    |    23 |    11 |       |       ||    34
       Chain mail        |       |    65 |   139 |    24 ||   228
       Skin              |       |     2 |       |       ||     2
Dodge: Dodged            |    73 |   123 |   100 |    10 ||   306
Block: Buckler           |       |       |       |    10 ||    10
